AoeStats
← LostBard

Golden Pit

509153587Analyzed
1v1 RM · 8d ago on Sep 25, 2026· 45m 14s· 2 players
Game mode
Random Map
Map size
Tiny (2 player)
Population
200
Speed
Normal
Resources
Standard
Victory
Conquest
Starting age
Dark Age
Ending age
Imperial Age
RankedLock teamsTeams togetherTeam positionsShared explorationLock speedFull tech treeHidden civsTurbo modeCheats
Victory
Defeat
🇨🇿 Aztecs · Czechia
845
+16
🇺🇸 Dravidians · United States
837
-16
LostBard
5:26 Loom
10:41 Feudal Age
11:13 Horse Collar
11:28 Double-Bit Axe
13:58 Man-at-Arms
15:15 Scale Mail Armor
17:28 Forging
18:56 Wheelbarrow
20:00 Fletching
21:25 Gold Mining
21:26 Stone Mining
21:27 Town Watch
24:49 Castle Age
22:59 Padded Archer Armor
25:00 Crossbowman
26:01 Bodkin Arrow
27:20 Hand Cart
29:56 Bow Saw
31:10 Arson
31:26 Squires
31:11 Gambesons
32:30 Iron Casting
32:10 Chain Mail Armor
31:59 Crossbowman
34:08 Town Patrol
34:29 Heavy Plow
35:32 Leather Archer Armor
39:58 Thumb Ring
cumpi3
0:34 Loom
13:12 Feudal Age
17:57 Castle Age
23:49 Gambesons
25:23 Scale Mail Armor
26:42 Chain Mail Armor
26:37 Forging
26:47 Forging
28:45 Wheelbarrow
28:09 Double-Bit Axe
28:32 Horse Collar
29:34 Squires
29:20 Arson
30:25 Iron Casting
38:00 Gold Mining
42:02 Gold Shaft Mining
Connection lost

Rejoining the realm…

Still unreachable

The connection could not be restored.

Session expired

The server has moved on; the page needs a fresh start.